Map: Bel'Shir Vestige LE (Void)

Players

HEMORRHOIDS - Winner!

  • Race: Protoss Protoss
  • League: Diamond
  • Spawn Location: 11:00

loginn

  • Race: Zerg Zerg
  • League: Master
  • Spawn Location: 5:00

VOD

Have the link to the VOD?

Description

Time

  • Played on: April 2, 2017, 10:49 p.m.
  • Length: 21:29
Show
View Real Time Build Order
Export as new Build Order

HEMORRHOIDS Protoss - Winner!

Build Orders: Cannon Rush 

Get SALT Encoding   

  12  0:02  Probe (Chrono Boost)  
  13  0:12  Probe (Chrono Boost)  
  14  0:23  Pylon, Probe (Chrono Boost)  
  15  0:41  Probe (Chrono Boost)  
  16  0:47  Forge  
  16  0:52  Probe (Chrono Boost)  
  17  1:03  Probe (Chrono Boost)  
  18  1:06  Pylon  
  18  1:13  Probe (Chrono Boost)  
  19  1:24  Probe (Chrono Boost)  
  20  1:25  Photon Cannon  
  20  1:37  Probe (Chrono Boost)  
  21  1:41  Assimilator  
  21  1:45  Assimilator  
  21  1:46  Photon Cannon x2  
  21  2:24  Probe (Chrono Boost)  
  21  2:25  Photon Cannon, Gateway  
  21  2:28  Pylon  
  22  2:34  Probe (Chrono Boost)  
  23  2:40  Photon Cannon  
  23  2:45  Probe (Chrono Boost)  
  23  2:48  Pylon  
  24  3:11  Nexus  
  24  3:12  Probe (Chrono Boost)  
  25  3:21  Pylon  
  26  3:27  Pylon  
  26  3:32  Cybernetics Core  
  25  3:55  Photon Cannon  
  24  3:58  Pylon  
  24  4:18  Stargate  
  24  4:20  Stargate  
  26  4:32  Probe (Chrono Boost)  
  26  4:35  Mothership Core (Chrono Boost)  
  27  4:40  Photon Cannon  
  27  4:42  Probe (Chrono Boost)  
  28  4:53  Probe (Chrono Boost)  
  29  5:00  Assimilator  
  29  5:03  Probe (Chrono Boost), Void Ray  
  33  5:14  Probe (Chrono Boost)  
  33  5:29  Photon Cannon, Void Ray  
  33  5:31  Probe (Chrono Boost)  
  33  5:35  Assimilator  
  38  5:42  Probe (Chrono Boost)  
  39  5:48  Probe (Chrono Boost)  
  40  5:54  Probe (Chrono Boost)  
  41  5:59  Probe (Chrono Boost)  
  41  6:01  Void Ray  
  46  6:05  Probe (Chrono Boost)  
  47  6:12  Void Ray  
  51  6:23  Probe (Chrono Boost)  
  52  6:34  Photon Cannon  
  52  6:35  Probe (Chrono Boost)  
  54  6:40  Probe (Chrono Boost)  
  54  6:46  Void Ray  
  53  6:52  Probe (Chrono Boost)  
  58  7:04  Photon Cannon  
  58  7:08  Void Ray  
  62  7:34  Void Ray  
  61  7:45  Pylon  
  62  7:51  Probe (Chrono Boost)  
  62  7:58  Void Ray  
  68  8:05  Probe x2 (Chrono Boost)  
  68  8:17  Probe (Chrono Boost)  
  69  8:29  Probe (Chrono Boost)  
  66  8:57  Pylon  
  66  8:59  Pylon  
  66  9:00  Pylon  
  66  9:02  Pylon  
  66  9:12  Stargate  
  66  9:15  Stargate  
  66  9:17  Stargate  
  66  9:30  Nexus  
  62  9:56  Pylon  
  62  10:14  Oracle x3  
  71  10:42  Probe (Chrono Boost)  
  72  10:44  Assimilator  
  72  10:46  Assimilator  
  60  10:51  Oracle x2  
  60  10:52  Oracle  
  69  10:59  Photon Cannon  
  69  11:03  Photon Cannon  
  69  11:11  Pylon  
  69  11:16  Pylon  
  69  11:27  Oracle  
  72  11:37  Oracle x2  
  63  12:03  Oracle  
  66  12:13  Oracle x2  
  72  12:21  Probe (Chrono Boost)  
  73  12:30  Pylon  
  73  12:32  Pylon, Probe (Chrono Boost)  
  74  12:38  Oracle  
  74  12:42  Probe (Chrono Boost)  
  78  12:48  Oracle  
  81  12:52  Forge  
  81  12:55  Nexus  
  81  12:56  Oracle  
  84  13:14  Oracle  
  87  13:26  Oracle  
  49  13:48  Oracle  
  52  13:52  Pylon  
  52  14:01  Pylon  
  51  14:11  Oracle  
  54  14:28  Oracle  
  57  14:33  Photon Cannon  
  57  14:35  Photon Cannon  
  57  14:38  Photon Cannon  
  57  14:58  Oracle  
  41  15:20  Oracle  
  41  15:21  Oracle  
  44  15:31  Probe (Chrono Boost)  
  45  15:42  Probe (Chrono Boost)  
  46  15:51  Oracle  
  46  15:53  Probe (Chrono Boost)  
  50  16:26  Oracle x2  
  48  17:45  Nexus, Probe (Chrono Boost)  
  48  17:46  Pylon  
  49  17:56  Probe (Chrono Boost)  
  47  18:36  Forge  
Show
View Real Time Build Order
Export as new Build Order

loginn Zerg 

Build Orders: Hatch First 

Get SALT Encoding   

  12  0:01  Drone  
  13  0:12  Overlord  
  13  0:17  Drone  
  14  0:30  Drone x2  
  16  0:52  Hatchery  
  16  0:55  Drone x2  
  17  1:05  Drone  
  17  1:09  Extractor  
  17  1:14  Spawning Pool  
  16  1:25  Drone x2  
  18  1:36  Drone  
  19  1:42  Overlord  
  19  2:01  Queen  
  19  2:03  Zergling x4  
  19  2:06  Queen  
  25  2:21  Zergling x2  
  25  2:22  Spine Crawler  
  25  2:26  Zergling x2  
  25  2:29  Spine Crawler  
  25  2:34  Zergling x2  
  26  2:38  Spine Crawler  
  22  3:01  Zergling x4  
  22  3:02  Zergling x2  
  23  3:17  Zergling x2  
  23  3:18  Zergling x4  
  26  3:25  Lair  
  26  3:37  Drone x3  
  29  3:44  Overlord  
  28  3:52  Drone  
  28  4:09  Hatchery, Drone, Evolution Chamber  
  27  4:12  Drone, Extractor  
  27  4:22  Drone  
  28  4:29  Nydus Network  
  27  4:32  Drone x2  
  27  4:33  Drone  
  30  4:57  Roach Warren, Zergling x6  
  32  5:12  Drone x2  
  32  5:13  Drone  
  33  5:28  Queen x2  
  36  5:35  Spore Crawler  
  35  5:37  Drone x2  
  37  5:53  Hydralisk Den, Drone  
  37  6:09  Roach  
  37  6:10  Roach x2  
  43  6:20  Metabolic Boost  
  43  6:22  Overlord x2  
  42  6:46  Roach x6  
  53  6:59  Nydus Canal  
  53  7:05  Hydralisk x2  
  57  7:13  Spore Crawler  
  52  7:40  Hydralisk x3  
  52  7:41  Hydralisk x2  
  46  7:49  Hydralisk  
  46  7:50  Hydralisk  
  50  8:11  Hydralisk  
  52  8:14  Overlord x2  
  52  8:17  Zergling x2  
  53  8:32  Muscular Augments  
  50  9:15  Hydralisk x3  
  56  9:17  Hydralisk x2  
  60  9:45  Hatchery  
  57  10:03  Zerg Missile Weapons Level 1, Hydralisk  
  57  10:04  Hydralisk x2  
  63  10:40  Overlord x2  
  63  10:52  Overseer, Overlord  
  63  10:59  Drone x3  
  66  11:07  Baneling Nest  
  65  11:13  Zergling x2  
  65  11:14  Drone x2  
  65  11:17  Drone  
  69  11:26  Drone x2  
  69  11:27  Drone  
  67  11:50  Nydus Canal  
  59  11:58  Hydralisk x5  
  50  12:06  Hydralisk  
  50  12:21  Hydralisk x3  
  50  12:22  Extractor  
  55  12:31  Hydralisk x2  
  59  12:42  Spore Crawler  
  59  12:43  Zergling x10  
  63  12:49  Nydus Canal  
  63  12:52  Zergling x4  
  65  13:18  Hydralisk x4  
  55  13:39  Hydralisk x4  
  45  14:08  Hatchery  
  44  14:11  Hydralisk x2  
  48  14:19  Queen  
  50  14:27  Queen  
  52  14:33  Hydralisk  
  54  14:41  Drone x2  
  54  14:43  Drone  
  57  14:53  Hydralisk x4  
  45  15:16  Hydralisk x3  
  51  15:31  Hatchery  
  50  15:36  Overlord  
  50  15:45  Hydralisk  
  52  15:54  Hydralisk x2  
  55  16:02  Hydralisk  
  57  16:17  Hydralisk x3  
  46  16:41  Zergling x2  
  47  16:56  Drone  
  48  17:15  Drone x2  
  30  17:31  Spire  
  29  17:45  Spore Crawler  
  29  17:51  Hydralisk  
  28  17:53  Spore Crawler  
  19  18:03  Hydralisk  
Tags
 
Add a new tag
Caveats
  • Supply blocks, unpowered buildings, or Contaminate may cause inaccurate times.
  • Supply counts are checked every 10 seconds.